[Event "WSCC 65 Open 2017"]
[Site "?"]
[Date "2017.11.09"]
[Round "3"]
[White "Komljenovic, Davorin"]
[Black "Hartung-Nielsen, Jens"]
[Result "1-0"]
[ECO "E35"]
[WhiteElo "2379"]
[BlackElo "2204"]
[PlyCount "109"]
[EventDate "2017.??.??"]
[EventType "swiss"]
[EventCountry "ITA"]
[SourceTitle "Acqui Terme"]
[TimeControl "40/5400+30:1800+30"]
[WhiteClock "0:37:07"]
[BlackClock "0:21:50"]

1. d4 Nf6 2. c4 e6 3. Nc3 Bb4 4. Qc2 d5 5. cxd5 exd5 6. Bg5 h6 7. Bxf6 Qxf6 8. e3 O-O 9. Nf3 c5 10. a3 Bxc3+ 11. Qxc3 b6 12. dxc5 Qxc3+ 13. bxc3 bxc5 14. Rd1 Be6 15. Ne5 Rd8 16. Bb5 a6 17. Ba4 Ra7 18. O-O f6 19. Nd3 Bf7 20. Nf4 g5 21. Ne2 Nd7 22. Ng3 Be6 23. e4 Nb6 24. exd5 Rxd5 25. Ne4 Kf7 26. Bc2 Nc4 27. Rxd5 Bxd5 28. Bb3 Bxe4 29. Bxc4+ Kg6 30. Re1 Bc6 31. Re6 Bb5 32. Bd5 c4 33. g4 Rd7 34. Be4+ Kf7 35. Rb6 Rd1+ 36. Kg2 Rc1 37. Bd5+ Kg7 38. Rb7+ Kh8 39. Rf7 Rxc3 40. Rxf6 Kg7 41. Rf7+ Kh8 42. Be4 Kg8 43. Rf6 Rxa3 44. Rxh6 Be8 45. Re6 Bd7 46. Rg6+ Kf7 47. Rxg5 c3 48. f3 Ra2+ 49. Kg3 Ra1 50. h4 a5 51. Rc5 a4 52. Rxc3 a3 53. Bd5+ Ke7 54. Kf4 Kd6 55. Bg8 {[%emt 0:00:00] Kd5 Ke4+} 1-0

[Event "WSCC 65 Open 2017"]
[Site "?"]
[Date "2017.11.09"]
[Round "3"]
[White "Renman, Nils-Gustaf"]
[Black "Haubt, Georg"]
[Result "1-0"]
[ECO "D02"]
[WhiteElo "2368"]
[BlackElo "2195"]
[PlyCount "67"]
[EventDate "2017.??.??"]
[EventType "swiss"]
[EventCountry "ITA"]
[SourceTitle "Acqui Terme"]
[TimeControl "40/5400+30:1800+30"]

1. d4 d5 2. Nf3 Nc6 3. e3 Bg4 4. Be2 Nf6 5. c4 e6 6. h3 Bh5 7. Qb3 Bb4+ 8. Nc3 dxc4 9. Qxc4 O-O 10. O-O Re8 11. Rd1 Qe7 12. Bd2 a6 13. a3 Bxc3 14. Bxc3 Ne4 15. Be1 Rad8 16. Rac1 Ng5 17. Nxg5 Bxe2 18. Qxe2 Qxg5 19. Rc4 Rd7 20. Rdc1 Qd8 21. Rxc6 bxc6 22. Qxa6 e5 23. Bc3 e4 24. Bb4 f5 25. Qxc6 f4 26. Rc5 fxe3 27. fxe3 Rf7 28. Rd5 Qc8 29. Re5 Rxe5 30. dxe5 h6 31. e6 Rf6 32. Qd7 Qa6 33. e7 Qf1+ 34. Kh2 1-0

[Event "WSCC 65 Open 2017"]
[Site "?"]
[Date "2017.11.09"]
[Round "3"]
[White "Piasetski, Leon"]
[Black "Privara, Igor"]
[Result "1-0"]
[ECO "A06"]
[WhiteElo "2269"]
[BlackElo "2184"]
[PlyCount "98"]
[EventDate "2017.??.??"]
[EventType "swiss"]
[EventCountry "ITA"]
[SourceTitle "Acqui Terme"]
[TimeControl "40/5400+30:1800+30"]

1. Nf3 d5 2. g3 Nf6 3. Bg2 c5 4. c4 e6 5. O-O Be7 6. cxd5 exd5 7. d4 Nc6 8. dxc5 Bxc5 9. a3 a6 10. b4 Ba7 11. Nc3 d4 12. Na4 O-O 13. Bb2 Qd6 14. Rc1 Rd8 15. Qc2 Bg4 16. Rfd1 Rac8 17. Nc5 Qe7 18. Qb3 Bxc5 19. Rxc5 Qxe2 20. Re1 Be6 21. Rxe2 Bxb3 22. Nxd4 Nxd4 23. Bxd4 Rxc5 24. bxc5 Rxd4 25. Bxb7 Rd1+ 26. Kg2 Bd5+ 27. Bxd5 Rxd5 28. Rb2 Kf8 29. Rb6 Rxc5 30. Rxa6 Ke7 31. h3 Kd7 32. Rb6 Nd5 33. Rb7+ Rc7 34. Rb3 Rc3 35. Rxc3 Nxc3 36. Kf3 Kd6 37. Kf4 Kd5 38. g4 h6 39. h4 g6 40. h5 Ke6 41. hxg6 fxg6 42. Ke3 g5 43. Kd3 Nd1 44. f3 Kd5 45. Ke2 Nb2 46. Kf2 Kd4 47. Ke2 Ke5 48. Kf2 Kf4 49. Ke2 Ke5 1-0

[Event "WSCC 65 Open 2017"]
[Site "?"]
[Date "2017.11.09"]
[Round "3"]
[White "Gutkin, Boris"]
[Black "Svensson, Soren"]
[Result "1-0"]
[ECO "D48"]
[WhiteElo "2250"]
[BlackElo "2009"]
[PlyCount "149"]
[EventDate "2017.??.??"]
[EventType "swiss"]
[EventCountry "ITA"]
[SourceTitle "Acqui Terme"]
[TimeControl "40/5400+30:1800+30"]
[WhiteClock "0:07:50"]
[BlackClock "0:00:44"]

1. d4 d5 2. Nf3 Nf6 3. c4 e6 4. Nc3 c6 5. e3 Nbd7 6. Bd3 dxc4 7. Bxc4 b5 8. Bd3 a6 9. a4 b4 10. Ne4 Bb7 11. b3 Nxe4 12. Bxe4 Nf6 13. Bd3 c5 14. Bb2 cxd4 15. Bxd4 Bd6 16. Qe2 Qe7 17. e4 e5 18. Bb2 O-O 19. O-O Nd7 20. Nd2 Nc5 21. Bc4 Rad8 22. Rfd1 Bb8 23. f3 Rd7 24. Nf1 Rfd8 25. Ne3 Ne6 26. Rxd7 Rxd7 27. g3 Ba7 28. Kg2 Bd4 29. Nf5 Qc5 30. Rd1 Qb6 31. Bxe6 fxe6 32. Nxd4 exd4 33. Qc4 Rc7 34. Qxd4 Qxd4 35. Bxd4 Rd7 36. Rd2 e5 37. Bc3 Rxd2+ 38. Bxd2 a5 39. Be3 Bc8 40. Bb6 Be6 41. Bxa5 Bxb3 42. Bxb4 Bxa4 43. Bd6 Kf7 44. Bxe5 h5 45. Kf2 g6 46. Ke3 Ke6 47. Bc7 Bb3 48. Kf4 Bd1 49. Bd8 Be2 50. Ba5 Bd1 51. Bc3 Be2 52. Ke3 Bd1 53. h3 Ba4 54. Ba5 Bb5 55. g4 hxg4 56. hxg4 Ba4 57. f4 Bd1 58. f5+ gxf5 59. gxf5+ Kf7 60. Kf4 Bc2 61. Bc3 Bd3 62. e5 Bc4 63. Ke4 Bb3 64. Ke3 Ba2 65. Be1 Bb3 66. Bh4 Bc4 67. Kd4 Bb3 68. Kc5 Ke8 69. Kd6 Bf7 70. Bg5 Bh5 71. e6 Bg4 72. f6 Bh5 73. Bh6 Bg6 74. Ke5 Bh5 75. Ke4 1-0

[Event "WSCC 65 Open 2017"]
[Site "?"]
[Date "2017.11.09"]
[Round "3"]
[White "Trois, Francisco R T"]
[Black "Shevelev, Arkady"]
[Result "0-1"]
[ECO "A07"]
[WhiteElo "2184"]
[BlackElo "2280"]
[PlyCount "82"]
[EventDate "2017.??.??"]
[EventType "swiss"]
[EventCountry "ITA"]
[SourceTitle "Acqui Terme"]
[TimeControl "40/5400+30:1800+30"]
[WhiteClock "0:20:01"]
[BlackClock "0:30:32"]

1. Nf3 Nf6 2. g3 d5 3. Bg2 c6 4. O-O Bg4 5. c4 e6 6. cxd5 exd5 7. Qb3 Qb6 8. Qc2 Nbd7 9. d3 Bd6 10. Nc3 O-O 11. e4 dxe4 12. dxe4 Rfe8 13. h3 Bxf3 14. Bxf3 Ne5 15. Be2 Bb4 16. Kg2 Bxc3 17. bxc3 Qc5 18. Be3 Qe7 19. f3 Ng6 20. Rfe1 b6 21. Rad1 Rad8 22. Rxd8 Rxd8 23. Rd1 h6 24. Rxd8+ Qxd8 25. Qa4 Qc7 26. f4 b5 27. Qd4 a6 28. Bf3 Qa5 29. Qd2 Qa4 30. Bd4 Nf8 31. Qb2 Ne6 32. Qb3 Qxb3 33. axb3 Nxd4 34. cxd4 a5 35. d5 cxd5 36. exd5 a4 37. bxa4 bxa4 38. Bd1 a3 39. Bb3 Ne4 40. d6 Nxd6 41. Kf3 Nb5 0-1

[Event "WSCC 65 Open 2017"]
[Site "?"]
[Date "2017.11.09"]
[Round "3"]
[White "Beltz, Robert"]
[Black "Vasiukov, Evgeni"]
[Result "0-1"]
[ECO "A04"]
[WhiteElo "2158"]
[BlackElo "2404"]
[PlyCount "61"]
[EventDate "2017.??.??"]
[EventType "swiss"]
[EventCountry "ITA"]
[SourceTitle "Acqui Terme"]
[TimeControl "40/5400+30:1800+30"]
[WhiteClock "0:16:20"]
[BlackClock "0:11:17"]

1. Nf3 f5 2. c4 Nf6 3. Nc3 d6 4. d4 c6 5. Qc2 Na6 6. a3 g6 7. h4 Bg7 8. Bg5 Qa5 9. Bd2 Qc7 10. b4 e5 11. dxe5 dxe5 12. c5 e4 13. Ng5 Qe5 14. Rc1 Nc7 15. e3 h6 16. Nh3 Be6 17. Ne2 Nfd5 18. Nhf4 Bf7 19. Nxd5 Nxd5 20. Nd4 f4 21. Rh3 O-O 22. Ne2 fxe3 23. Bxe3 Nxe3 24. Rxe3 Bd5 25. Ng3 Qf4 26. Nxe4 Bxe4 27. Rxe4 Bc3+ 28. Kd1 Rad8+ 29. Bd3 Qxe4 30. Qb3+ Kh7 31. Rxc3 0-1

[Event "WSCC 65 Open 2017"]
[Site "?"]
[Date "2017.11.10"]
[Round "4"]
[White "Vasiukov, Evgeni"]
[Black "Barle, Janez"]
[Result "0-1"]
[ECO "A02"]
[WhiteElo "2404"]
[BlackElo "2261"]
[PlyCount "20"]
[EventDate "2017.??.??"]
[EventType "swiss"]
[EventCountry "ITA"]
[SourceTitle "Acqui Terme"]
[TimeControl "40/5400+30:1800+30"]

1. f4 Nf6 2. g3 c5 3. Bg2 Nc6 4. e4 d6 5. d3 g6 6. Nf3 Bg7 7. O-O O-O 8. Nc3 Bg4 9. h3 Bxf3 10. Qxf3 Nd7 0-1

[Event "WSCC 65 Open 2017"]
[Site "?"]
[Date "2017.11.10"]
[Round "4"]
[White "Vogt, Lothar"]
[Black "Hess, Christian"]
[Result "1/2-1/2"]
[ECO "B14"]
[WhiteElo "2398"]
[BlackElo "2236"]
[PlyCount "29"]
[EventDate "2017.??.??"]
[EventType "swiss"]
[EventCountry "ITA"]
[SourceTitle "Acqui Terme"]
[TimeControl "40/5400+30:1800+30"]
[WhiteClock "1:08:48"]
[BlackClock "1:00:53"]

1. e4 c6 2. d4 d5 3. exd5 cxd5 4. c4 Nf6 5. Nc3 e6 6. Nf3 Bb4 7. Bd3 dxc4 8. Bxc4 O-O 9. O-O b6 10. Bg5 Bb7 11. Qe2 Nbd7 12. Rfd1 Bxc3 13. bxc3 Qc7 14. Rac1 Ne4 15. Bd3 1/2-1/2

[Event "WSCC 65 Open 2017"]
[Site "?"]
[Date "2017.11.10"]
[Round "4"]
[White "Van Riemsdijk, Herman C"]
[Black "Yakimenko, Alexander A"]
[Result "1/2-1/2"]
[ECO "C41"]
[WhiteElo "2284"]
[BlackElo "2115"]
[PlyCount "48"]
[EventDate "2017.??.??"]
[EventType "swiss"]
[EventCountry "ITA"]
[SourceTitle "Acqui Terme"]
[TimeControl "40/5400+30:1800+30"]
[WhiteClock "0:32:14"]
[BlackClock "0:15:13"]

1. e4 e5 2. Nf3 d6 3. d4 Nf6 4. Nc3 Nbd7 5. Bc4 Be7 6. O-O O-O 7. Re1 c6 8. a4 h6 9. h3 Re8 10. Ba2 a5 11. Nh4 Nf8 12. dxe5 dxe5 13. Qf3 Be6 14. Nf5 Bxa2 15. Rxa2 Ng6 16. Be3 Nh7 17. g3 Bb4 18. h4 Ne7 19. Rd1 Qc7 20. Bxh6 Nxf5 21. Qxf5 Rad8 22. Qg4 Bf8 23. Raa1 Qb6 24. Rxd8 Rxd8 1/2-1/2

[Event "WSCC 65 Open 2017"]
[Site "?"]
[Date "2017.11.10"]
[Round "4"]
[White "Malisov, Boris"]
[Black "Komljenovic, Davorin"]
[Result "1/2-1/2"]
[ECO "B23"]
[WhiteElo "2240"]
[BlackElo "2379"]
[PlyCount "66"]
[EventDate "2017.??.??"]
[EventType "swiss"]
[EventCountry "ITA"]
[SourceTitle "Acqui Terme"]
[TimeControl "40/5400+30:1800+30"]
[WhiteClock "0:12:13"]
[BlackClock "0:03:40"]

1. e4 c5 2. Nc3 Nc6 3. f4 g6 4. Nf3 Bg7 5. Bb5 Nd4 6. a4 Nxb5 7. axb5 Nf6 8. O-O O-O 9. d3 d6 10. Qe1 Ne8 11. f5 gxf5 12. Qh4 f6 13. exf5 Bxf5 14. Qc4+ Kh8 15. Nh4 Bd7 16. Nf5 Bxf5 17. Rxf5 Nc7 18. Qh4 Qe8 19. Ra4 Qg6 20. Qh3 e6 21. Rh5 f5 22. Rah4 Bd4+ 23. Kh1 Rf7 24. Rh6 Qg8 25. Ne2 Bf6 26. R4h5 Nd5 27. c4 Ne7 28. Nf4 Qg4 29. Rxh7+ Rxh7 30. Rxh7+ Kg8 31. Qxg4+ fxg4 32. Rh6 Kf7 33. Rh7+ Kg8 1/2-1/2

[Event "WSCC 65 Open 2017"]
[Site "?"]
[Date "2017.11.10"]
[Round "4"]
[White "Frick, Christoph"]
[Black "Pushkov, Nikolai"]
[Result "1/2-1/2"]
[ECO "A45"]
[WhiteElo "2230"]
[BlackElo "2304"]
[PlyCount "72"]
[EventDate "2017.??.??"]
[EventType "swiss"]
[EventCountry "ITA"]
[SourceTitle "Acqui Terme"]
[TimeControl "40/5400+30:1800+30"]

1. d4 Nf6 2. Bf4 e6 3. e3 b6 4. Nf3 Bb7 5. Nbd2 Be7 6. h3 O-O 7. Bd3 d5 8. O-O Nbd7 9. Ne5 Nxe5 10. Bxe5 g6 11. Qf3 Nd7 12. Bf4 f5 13. Qg3 c5 14. c3 Nf6 15. Bh6 Bd6 16. f4 Rf7 17. Nf3 Rc7 18. Ne5 Nh5 19. Qf2 a5 20. g4 Ng7 21. Bg5 Qe8 22. Qe2 c4 23. Bc2 b5 24. Kg2 b4 25. Rh1 Bc6 26. Bf6 bxc3 27. bxc3 Ba4 28. Rab1 Bxc2 29. Qxc2 Rb8 30. Rxb8 Qxb8 31. Rb1 Rb7 32. Rxb7 Qxb7 33. Qa4 Bxe5 34. Bxe5 Qb2+ 35. Kg3 Qe2 36. Qd7 Qe1+ 1/2-1/2

[Event "WSCC 65 Open 2017"]
[Site "?"]
[Date "2017.11.10"]
[Round "4"]
[White "Malmdin, Nils-Ake"]
[Black "Povah, Nigel E"]
[Result "0-1"]
[ECO "B48"]
[WhiteElo "2223"]
[BlackElo "2295"]
[PlyCount "82"]
[EventDate "2017.??.??"]
[EventType "swiss"]
[EventCountry "ITA"]
[SourceTitle "Acqui Terme"]
[TimeControl "40/5400+30:1800+30"]
[WhiteClock "0:02:42"]
[BlackClock "0:03:10"]

1. e4 c5 2. Nf3 Nc6 3. Nc3 e6 4. d4 cxd4 5. Nxd4 Qc7 6. Be3 a6 7. Bd3 b5 8. Nxc6 Qxc6 9. O-O Nf6 10. f3 Bc5 11. Qe2 d6 12. Kh1 Bxe3 13. Qxe3 O-O 14. a4 b4 15. Ne2 Bb7 16. Qd2 Qc5 17. Rfc1 d5 18. e5 Ne4 19. fxe4 dxe4 20. Bxa6 Bxa6 21. Qd4 Qxd4 22. Nxd4 Rfc8 23. Kg1 Rc5 24. Kf2 Bb7 25. Ke3 Rxe5 26. c3 bxc3 27. Rxc3 g5 28. Rc7 Rb8 29. b4 Rd5 30. Ra3 Ba8 31. b5 f5 32. Nxe6 f4+ 33. Ke2 e3 34. Rd3 Rxd3 35. Kxd3 Bxg2 36. Rg7+ Kh8 37. Rxg5 Bf1+ 38. Kd4 e2 39. Re5 f3 40. Ng5 f2 41. Nf3 Rf8 0-1

[Event "WSCC 65 Open 2017"]
[Site "?"]
[Date "2017.11.11"]
[Round "5"]
[White "Komljenovic, Davorin"]
[Black "Gutkin, Boris"]
[Result "0-1"]
[ECO "A05"]
[WhiteElo "2379"]
[BlackElo "2250"]
[PlyCount "104"]
[EventDate "2017.??.??"]
[EventType "swiss"]
[EventCountry "ITA"]
[SourceTitle "Acqui Terme"]
[TimeControl "40/5400+30:1800+30"]
[WhiteClock "0:31:13"]
[BlackClock "0:30:15"]

1. Nf3 Nf6 2. g3 g6 3. b3 Bg7 4. Bb2 d6 5. d4 O-O 6. Bg2 Nc6 7. d5 Nb4 8. c4 a5 9. a3 Na6 10. Nd4 Bd7 11. Nc3 Qc8 12. h3 Nc5 13. b4 axb4 14. axb4 Rxa1 15. Qxa1 Na6 16. Qa5 c5 17. dxc6 bxc6 18. b5 cxb5 19. cxb5 Nb8 20. Qb6 d5 21. Bxd5 Bxh3 22. Bf3 e5 23. Nc6 Nxc6 24. Qxc6 Qf5 25. Ne4 Rc8 26. Nxf6+ Bxf6 27. Qe4 Rc2 28. Ba3 Rc3 29. Bb4 Qxe4 30. Bxe4 Rc4 31. Bd2 Rxe4 32. Rxh3 Ra4 33. Kd1 e4 34. Be3 Rb4 35. b6 Bd8 36. Kd2 Bxb6 37. Bxb6 Rxb6 38. Ke3 f5 39. f3 Rb3+ 40. Kf4 Rb4 41. fxe4 Rxe4+ 42. Kf3 Kg7 43. Rh1 h5 44. Ra1 Kf6 45. Ra8 Kg5 46. Rg8 Ra4 47. Rg7 Ra3+ 48. Kf2 Ra6 49. Kf3 Ra3+ 50. Kf2 Ra4 51. Kf3 f4 52. Rf7 Ra3+ 0-1

[Event "WSCC 65 Open 2017"]
[Site "?"]
[Date "2017.11.11"]
[Round "5"]
[White "Pushkov, Nikolai"]
[Black "Sprotte, Norbert"]
[Result "1-0"]
[ECO "A57"]
[WhiteElo "2304"]
[BlackElo "2186"]
[PlyCount "53"]
[EventDate "2017.??.??"]
[EventType "swiss"]
[EventCountry "ITA"]
[SourceTitle "Acqui Terme"]
[TimeControl "40/5400+30:1800+30"]
[WhiteClock "0:58:05"]
[BlackClock "0:23:37"]

1. d4 Nf6 2. c4 c5 3. d5 b5 4. cxb5 a6 5. b6 d6 6. Nc3 g6 7. e4 Qxb6 8. Nf3 Nbd7 9. a4 Bg7 10. a5 Qb7 11. Be2 O-O 12. O-O Ne8 13. Nd2 Nc7 14. Nc4 Nb5 15. Na4 Nd4 16. Nab6 Nxb6 17. Nxb6 Nxe2+ 18. Qxe2 Bd7 19. Re1 Bb5 20. Qc2 Rad8 21. Be3 f5 22. exf5 Rxf5 23. Rad1 Rdf8 24. b3 Be5 25. Qd2 e6 26. dxe6 Qe7 27. f4 1-0

[Event "WSCC 65 Open 2017"]
[Site "?"]
[Date "2017.11.11"]
[Round "5"]
[White "Povah, Nigel E"]
[Black "Malisov, Boris"]
[Result "1/2-1/2"]
[ECO "A43"]
[WhiteElo "2295"]
[BlackElo "2240"]
[PlyCount "53"]
[EventDate "2017.??.??"]
[EventType "swiss"]
[EventCountry "ITA"]
[SourceTitle "Acqui Terme"]
[TimeControl "40/5400+30:1800+30"]
[WhiteClock "0:06:11"]
[BlackClock "0:17:07"]

1. d4 c5 2. d5 Nf6 3. Bg5 Ne4 4. Bf4 Qb6 5. Nd2 Nxd2 6. Bxd2 d6 7. e4 Nd7 8. Bc3 Nf6 9. Qd3 g6 10. Nf3 Bg7 11. Nd2 O-O 12. Be2 Qc7 13. f4 Rb8 14. a4 b6 15. O-O a6 16. e5 Ne8 17. Qe3 b5 18. axb5 axb5 19. b3 Bb7 20. Bf3 Ra8 21. Rxa8 Bxa8 22. Ra1 Bb7 23. g3 Qb8 24. exd6 Bxc3 25. Qxc3 Nxd6 26. Qe3 Qc7 27. c4 1/2-1/2

[Event "WSCC 65 Open 2017"]
[Site "?"]
[Date "2017.11.11"]
[Round "5"]
[White "Boehnisch, Manfred"]
[Black "Privara, Igor"]
[Result "1/2-1/2"]
[ECO "A05"]
[WhiteElo "2285"]
[BlackElo "2184"]
[PlyCount "35"]
[EventDate "2017.??.??"]
[EventType "swiss"]
[EventCountry "ITA"]
[SourceTitle "Acqui Terme"]
[TimeControl "40/5400+30:1800+30"]
[WhiteClock "0:34:51"]
[BlackClock "0:49:30"]

1. Nf3 Nf6 2. d4 e6 3. c4 c5 4. e3 d5 5. Nc3 a6 6. cxd5 exd5 7. dxc5 Bxc5 8. Be2 O-O 9. O-O Nc6 10. a3 Re8 11. b4 Ba7 12. Bb2 h6 13. Rc1 Be6 14. Na4 Ne4 15. Nd4 Bd7 16. Nc5 Nxc5 17. bxc5 Qe7 18. Nxc6 1/2-1/2

[Event "WSCC 65 Open 2017"]
[Site "?"]
[Date "2017.11.11"]
[Round "5"]
[White "Hardicsay, Peter"]
[Black "Vogt, Lothar"]
[Result "0-1"]
[ECO "B52"]
[WhiteElo "2213"]
[BlackElo "2398"]
[PlyCount "70"]
[EventDate "2017.??.??"]
[EventType "swiss"]
[EventCountry "ITA"]
[SourceTitle "Acqui Terme"]
[TimeControl "40/5400+30:1800+30"]
[WhiteClock "0:02:15"]
[BlackClock "0:19:16"]

1. e4 c5 2. Nf3 d6 3. Bb5+ Bd7 4. Bxd7+ Qxd7 5. c4 Nf6 6. Nc3 g6 7. O-O Nc6 8. d3 Bg7 9. h3 O-O 10. a3 Ne8 11. Be3 Nd4 12. Rb1 Nc7 13. Bxd4 cxd4 14. Nd5 Na6 15. b4 e6 16. Nf4 Bh6 17. Ne2 e5 18. Ng3 Nc7 19. Nh2 Ne6 20. Qg4 Kh8 21. b5 a6 22. a4 axb5 23. axb5 Ra3 24. Rbd1 Rfa8 25. Ne2 Qe7 26. g3 Nc5 27. Qf3 Qe6 28. Kg2 f5 29. exf5 Qxf5 30. Qd5 Rxd3 31. Rxd3 Qxd3 32. Qxd6 Ne4 33. Qd5 Qxe2 34. Ng4 Rf8 35. Qxe5+ Bg7 0-1

[Event "WSCC 65 Open 2017"]
[Site "?"]
[Date "2017.11.11"]
[Round "5"]
[White "Haubt, Georg"]
[Black "Lisenko, Alexander V"]
[Result "0-1"]
[ECO "A45"]
[WhiteElo "2195"]
[BlackElo "2372"]
[PlyCount "84"]
[EventDate "2017.??.??"]
[EventType "swiss"]
[EventCountry "ITA"]
[SourceTitle "Acqui Terme"]
[TimeControl "40/5400+30:1800+30"]

1. d4 Nf6 2. Bg5 d5 3. e3 c6 4. Nd2 Bf5 5. Bxf6 exf6 6. c4 Qb6 7. Qb3 Bb4 8. Ngf3 dxc4 9. Bxc4 O-O 10. a3 Bd6 11. e4 Qxb3 12. Bxb3 Re8 13. O-O-O Bxe4 14. Rhe1 Bf4 15. g3 Bh6 16. Bc2 f5 17. Nh4 Na6 18. Nxf5 Bxf5 19. Bxf5 g6 20. Bc2 Rad8 21. Rxe8+ Rxe8 22. f4 Re2 23. Nf3 Rf2 24. Ne5 Rxh2 25. Bb3 Rh3 26. Bxf7+ Kg7 27. Be6 Rxg3 28. Bc8 Bxf4+ 29. Kb1 Bxe5 30. dxe5 Nc5 31. b4 Rd3 32. Re1 Rd8 33. Bh3 Na4 34. Kc2 Nb6 35. e6 Nd5 36. Kb3 Re8 37. Re4 Kf6 38. Kc4 g5 39. b5 Nf4 40. bxc6 bxc6 41. Bf1 Rxe6 42. Rd4 Re1 0-1

[Event "WSCC 65 Open 2017"]
[Site "?"]
[Date "2017.11.11"]
[Round "5"]
[White "Trois, Francisco R T"]
[Black "Rooze, Jan"]
[Result "1/2-1/2"]
[ECO "A04"]
[WhiteElo "2184"]
[BlackElo "2314"]
[PlyCount "68"]
[EventDate "2017.??.??"]
[EventType "swiss"]
[EventCountry "ITA"]
[SourceTitle "Acqui Terme"]
[TimeControl "40/5400+30:1800+30"]
[WhiteClock "0:24:10"]
[BlackClock "0:10:27"]

1. Nf3 c5 2. g3 b6 3. Bg2 Bb7 4. c4 Nf6 5. O-O g6 6. Nc3 Bg7 7. d4 cxd4 8. Qxd4 d6 9. Qh4 Nbd7 10. Bh6 O-O 11. Rfd1 Rc8 12. Bxg7 Kxg7 13. Rac1 a6 14. Qd4 Qc7 15. b3 Kg8 16. Qe3 Qd8 17. Nd5 Nxd5 18. cxd5 Rxc1 19. Qxc1 Nf6 20. Nd4 Nxd5 21. Nc6 Bxc6 22. Qxc6 Nf6 23. Qb7 a5 24. Rc1 Nd7 25. Rc7 Nc5 26. Qxb6 Ne6 27. Rc6 Qxb6 28. Rxb6 Rc8 29. Rb5 a4 30. bxa4 Rc1+ 31. Bf1 Rc2 32. a5 Rxa2 33. e3 Kg7 34. Rb7 Rxa5 1/2-1/2

[Event "WSCC 65 Open 2017"]
[Site "?"]
[Date "2017.11.12"]
[Round "6"]
[White "Vasiukov, Evgeni"]
[Black "Hjertenes, Oystein"]
[Result "1-0"]
[ECO "B06"]
[WhiteElo "2404"]
[BlackElo "2007"]
[PlyCount "109"]
[EventDate "2017.??.??"]
[EventType "swiss"]
[EventCountry "ITA"]
[SourceTitle "Acqui Terme"]
[TimeControl "40/5400+30:1800+30"]
[WhiteClock "0:39:14"]
[BlackClock "0:20:39"]

1. e4 g6 2. d4 Bg7 3. c4 d6 4. Nc3 Nd7 5. Be3 c6 6. h4 h5 7. Nh3 e5 8. d5 c5 9. Ng5 Ndf6 10. f3 a6 11. Be2 Bd7 12. a3 Ne7 13. b4 b6 14. Rb1 O-O 15. Qb3 Qc8 16. Kd2 Rd8 17. Rbg1 Kf8 18. b5 Neg8 19. Nh3 axb5 20. cxb5 Qb7 21. Nf2 Bh6 22. Bxh6+ Nxh6 23. g4 Nhg8 24. Nfd1 Qa7 25. g5 Ne8 26. a4 Qa5 27. Nb2 Bc8 28. Nc4 Qa7 29. Rf1 Rd7 30. f4 exf4 31. Rxf4 Re7 32. Rhf1 Qb8 33. Qd1 Raa7 34. Bd3 Bg4 35. Qe1 Rab7 36. a5 bxa5 37. Nxa5 c4 38. Nc6 Qc8 39. Nxe7 Rxe7 40. Qf2 f6 41. gxf6 Rf7 42. Bc2 Ngxf6 43. Qd4 Kg7 44. e5 dxe5 45. Qxe5 Qc5 46. Rxf6 Nxf6 47. Rxf6 Rxf6 48. Qxf6+ Kxf6 49. Ne4+ Ke5 50. Nxc5 Kxd5 51. b6 Bc8 52. b7 Bxb7 53. Nxb7 Kc6 54. Nd8+ Kd7 55. Nf7 1-0

[Event "WSCC 65 Open 2017"]
[Site "?"]
[Date "2017.11.12"]
[Round "6"]
[White "Vogt, Lothar"]
[Black "Primbetov, Marat"]
[Result "1/2-1/2"]
[ECO "B22"]
[WhiteElo "2398"]
[BlackElo "2222"]
[PlyCount "53"]
[EventDate "2017.??.??"]
[EventType "swiss"]
[EventCountry "ITA"]
[SourceTitle "Acqui Terme"]
[TimeControl "40/5400+30:1800+30"]
[WhiteClock "0:44:16"]
[BlackClock "0:32:10"]

1. e4 c5 2. c3 Nf6 3. e5 Nd5 4. Nf3 Nc6 5. Bc4 Nb6 6. Bb3 d5 7. exd6 e6 8. d4 Bxd6 9. dxc5 Bxc5 10. Qxd8+ Nxd8 11. Nbd2 Be7 12. O-O Nd7 13. Ne4 Nc5 14. Bc2 Bd7 15. Ne5 Bb5 16. c4 Ba6 17. b3 Rc8 18. Be3 f6 19. Nxc5 Bxc5 20. Bxc5 Rxc5 21. Nd3 Rc7 22. Nb4 Nc6 23. Nxa6 bxa6 24. Rfd1 Ke7 25. f4 a5 26. Be4 a4 27. Bxc6 1/2-1/2

[Event "WSCC 65 Open 2017"]
[Site "?"]
[Date "2017.11.12"]
[Round "6"]
[White "Lisenko, Alexander V"]
[Black "Hess, Christian"]
[Result "0-1"]
[ECO "A05"]
[WhiteElo "2372"]
[BlackElo "2236"]
[PlyCount "130"]
[EventDate "2017.??.??"]
[EventType "swiss"]
[EventCountry "ITA"]
[SourceTitle "Acqui Terme"]
[TimeControl "40/5400+30:1800+30"]
[WhiteClock "0:24:52"]
[BlackClock "0:14:31"]

1. Nf3 Nf6 2. c4 c6 3. b3 g6 4. Bb2 Bg7 5. g3 O-O 6. Bg2 d6 7. d4 Nbd7 8. O-O Re8 9. Re1 a5 10. e4 e5 11. dxe5 Ng4 12. Nc3 Ngxe5 13. Na4 Nxf3+ 14. Bxf3 Bxb2 15. Nxb2 Qf6 16. Nd3 Ne5 17. Nxe5 dxe5 18. Re3 Rd8 19. Rd3 Be6 20. c5 a4 21. Be2 Rxd3 22. Bxd3 Rd8 23. Qe2 axb3 24. axb3 Bxb3 25. Rb1 Qe6 26. Qe3 Rd4 27. f4 Bc4 28. Bc2 Qe7 29. f5 Qxc5 30. Kg2 Bf1+ 31. Kxf1 Qxc2 32. Ra1 Qxe4 33. Qxe4 Rxe4 34. f6 h5 35. Ra8+ Kh7 36. Rf8 g5 37. Rxf7+ Kg6 38. Rxb7 Kxf6 39. Kf2 Kf5 40. h3 Rc4 41. Rf7+ Ke4 42. g4 hxg4 43. hxg4 Kd3 44. Rd7+ Rd4 45. Rc7 e4 46. Rxc6 e3+ 47. Ke1 Rxg4 48. Rd6+ Rd4 49. Rg6 g4 50. Rg7 Ra4 51. Rd7+ Ke4 52. Ke2 Ra2+ 53. Kf1 Kf3 54. Rf7+ Kg3 55. Re7 Rf2+ 56. Kg1 Kf3 57. Rf7+ Ke2 58. Rg7 Ke1 59. Rxg4 e2 60. Rd4 Rf5 61. Rd7 Rg5+ 62. Kh2 Kf2 63. Rf7+ Ke3 64. Re7+ Kf3 65. Re8 Rg4 0-1

[Event "WSCC 65 Open 2017"]
[Site "?"]
[Date "2017.11.12"]
[Round "6"]
[White "Rooze, Jan"]
[Black "Sorensen, Bent"]
[Result "1-0"]
[ECO "C16"]
[WhiteElo "2314"]
[BlackElo "2216"]
[PlyCount "80"]
[EventDate "2017.??.??"]
[EventType "swiss"]
[EventCountry "ITA"]
[SourceTitle "Acqui Terme"]
[TimeControl "40/5400+30:1800+30"]
[WhiteClock "0:11:39"]
[BlackClock "0:06:19"]

1. e4 e6 2. d4 d5 3. Nc3 Bb4 4. e5 Ne7 5. a3 Bxc3+ 6. bxc3 O-O 7. Bd3 c5 8. Qh5 g6 9. Qh6 Kh8 10. Bg5 Ng8 11. Bxd8 Nxh6 12. Be7 Re8 13. Bxc5 b6 14. Bb4 Ba6 15. a4 Bxd3 16. cxd3 Nc6 17. Ba3 Na5 18. Rb1 Rac8 19. Kd2 Rc6 20. f3 Nf5 21. Ne2 Kg7 22. h4 Ne7 23. h5 g5 24. h6+ Kg6 25. f4 f6 26. exf6 Kxf6 27. fxg5+ Kxg5 28. Kc2 Nf5 29. Bc1+ Kg4 30. Rf1 Rg8 31. Bd2 Rcc8 32. Rf4+ Kh5 33. g4+ Rxg4 34. Rh1+ Nh4 35. Be1 Rxf4 36. Nxf4+ Kg4 37. Rxh4+ Kf3 38. Nxe6 Re8 39. Ng5+ Ke2 40. Bd2 Rh8 1-0

[Event "WSCC 65 Open 2017"]
[Site "?"]
[Date "2017.11.12"]
[Round "6"]
[White "Stebbings, Anthony J"]
[Black "Trois, Francisco R T"]
[Result "0-1"]
[ECO "B13"]
[WhiteElo "2301"]
[BlackElo "2184"]
[PlyCount "52"]
[EventDate "2017.??.??"]
[EventType "swiss"]
[EventCountry "ITA"]
[SourceTitle "Acqui Terme"]
[TimeControl "40/5400+30:1800+30"]
[WhiteClock "0:26:28"]
[BlackClock "0:30:36"]

1. e4 c6 2. d4 d5 3. exd5 cxd5 4. c4 Nf6 5. Nc3 Nc6 6. Bg5 Be6 7. a3 g6 8. Bxf6 exf6 9. Be2 Qd7 10. c5 Bg7 11. Bf3 O-O 12. Nge2 Rfd8 13. O-O g5 14. g3 f5 15. Qd2 Bf6 16. b4 Kg7 17. Bg2 h5 18. f4 g4 19. Nd1 b6 20. Ne3 bxc5 21. bxc5 Rab8 22. Rab1 Ne7 23. Qa5 Nc6 24. Qc3 Ne7 25. Qa5 Nc6 26. Qc3 Ne7 0-1